Map: Abyssal Reef LE

Players

Isszul - Winner!

  • Race: Zerg Zerg
  • League: Diamond
  • Spawn Location: 5:00

Lunde

  • Race: Protoss Protoss
  • League: Diamond
  • Spawn Location: 11:00

VOD

Have the link to the VOD?

Description

Time

  • Played on: Dec. 2, 2017, 10:53 a.m.
  • Length: 10:41
Show
View Real Time Build Order
Export as new Build Order

Isszul Zerg - Winner!

Build Orders: Hatch First 

Get SALT Encoding   

  12  0:01  Drone  
  13  0:12  Overlord  
  13  0:18  Drone  
  14  0:31  Drone x2  
  16  0:38  Drone  
  17  0:54  Hatchery  
  17  0:55  Drone  
  17  0:59  Drone  
  18  1:09  Extractor  
  17  1:14  Spawning Pool  
  17  1:17  Drone  
  18  1:25  Drone  
  19  1:45  Drone  
  20  1:53  Drone  
  21  2:13  Zergling x4  
  23  2:19  Drone  
  24  2:24  Drone x2  
  24  2:29  Drone, Extractor  
  26  2:33  Drone  
  27  2:39  Drone  
  27  2:42  Overlord  
  28  2:58  Hatchery  
  27  3:00  Drone x2  
  27  3:04  Drone  
  27  3:05  Drone  
  31  3:07  Drone  
  31  3:12  Drone  
  33  3:18  Overlord  
  33  3:22  Overlord  
  33  3:27  Queen  
  33  3:33  Drone  
  36  3:36  Drone  
  36  3:39  Drone  
  37  3:54  Metabolic Boost, Drone  
  38  3:57  Spore Crawler, Queen  
  38  3:58  Spore Crawler, Drone  
  38  3:59  Drone  
  38  4:02  Queen, Drone  
  41  4:04  Overlord  
  42  4:10  Overlord  
  42  4:12  Overlord  
  42  4:14  Drone  
  43  4:19  Queen  
  43  4:21  Drone  
  43  4:23  Drone  
  47  4:31  Baneling Nest, Drone  
  47  4:33  Zergling x4, Evolution Chamber  
  47  4:35  Drone  
  49  4:39  Drone x2  
  49  4:40  Drone  
  49  4:47  Drone x3  
  52  4:59  Drone x3  
  55  5:06  Hatchery, Zergling x2  
  55  5:09  Zergling x6  
  55  5:12  Zerg Melee Weapons Level 1  
  58  5:15  Drone x2  
  60  5:21  Drone x3  
  60  5:22  Drone x2  
  65  5:32  Zergling x10  
  65  5:34  Zergling x2  
  70  5:39  Zergling x2  
  71  5:52  Baneling x3  
  71  5:54  Zergling x4, Overlord  
  71  5:55  Overlord x4  
  72  6:02  Lair  
  69  6:04  Extractor  
  69  6:05  Extractor  
  69  6:10  Zergling x12  
  71  6:17  Zergling x2  
  71  6:18  Zergling x4  
  72  6:23  Baneling x2  
  72  6:24  Baneling  
  70  6:27  Zergling x6  
  70  6:31  Baneling  
  73  6:34  Zergling x16  
  80  6:44  Drone x3  
  80  6:45  Drone x3  
  86  6:48  Extractor  
  86  6:49  Spore Crawler  
  86  6:50  Extractor  
  86  6:52  Drone x3  
  86  7:00  Zergling x4  
  86  7:01  Zergling x2  
  89  7:08  Zergling x10  
  88  7:21  Zergling x2  
  88  7:22  Zergling x22  
  95  7:26  Drone  
  96  7:31  Zergling x4  
  98  7:38  Zergling x6  
  98  7:42  Baneling x5  
  98  7:43  Baneling  
  99  7:44  Zergling x8  
  102  7:57  Zergling x8  
  102  7:58  Zergling x18  
  112  8:01  Zergling x2  
  112  8:13  Drone x3  
  112  8:14  Drone x2  
  112  8:15  Drone x2  
  112  8:17  Zerg Ground Armor Level 1  
  112  8:18  Hydralisk Den  
  112  8:20  Centrifical Hooks  
  112  8:22  Queen  
  112  8:23  Extractor  
  112  8:26  Hatchery, Overlord x2, Drone  
  112  8:27  Overlord x2  
  112  8:32  Spore Crawler  
  112  8:53  Infestation Pit  
  112  8:54  Hydralisk x4, Muscular Augments  
  112  8:55  Hydralisk x4  
  112  9:02  Drone x3  
  112  9:03  Overlord x3  
  112  9:12  Drone  
  112  9:13  Drone x2  
  112  9:15  Drone x14  
  112  9:24  Hydralisk x3  
  112  9:25  Hydralisk  
  112  9:27  Hatchery  
  112  9:43  Extractor  
  112  9:46  Extractor  
  112  10:04  Drone x2  
  112  10:05  Drone x2  
  112  10:31  Evolution Chamber  
Show
View Real Time Build Order
Export as new Build Order

Lunde Protoss 

Build Orders: Oracle Opening 

Get SALT Encoding   

  12  0:03  Probe  
  13  0:15  Probe  
  13  0:19  Pylon  
  14  0:28  Probe  
  15  0:40  Forge, Probe  
  16  0:52  Probe  
  16  0:56  Gateway  
  17  1:04  Pylon  
  17  1:09  Assimilator  
  17  1:12  Probe  
  18  1:25  Photon Cannon  
  18  1:32  Pylon  
  18  1:46  Pylon  
  17  1:58  Probe  
  18  2:10  Probe (Chrono Boost)  
  18  2:13  Cybernetics Core  
  19  2:18  Assimilator  
  19  2:22  Probe (Chrono Boost)  
  20  2:29  Probe (Chrono Boost)  
  21  2:31  Gateway  
  21  2:36  Probe  
  22  2:44  Nexus  
  22  2:50  Probe  
  23  2:58  Stargate  
  23  3:05  Pylon  
  23  3:22  Stalker (Chrono Boost)  
  23  3:23  Probe  
  26  3:31  Pylon  
  26  3:35  Probe  
  27  3:48  Pylon  
  26  3:55  Probe  
  26  3:56  Oracle (Chrono Boost)  
  26  3:58  Probe  
  31  4:08  Probe (Chrono Boost)  
  31  4:19  Probe (Chrono Boost)  
  31  4:20  Probe (Chrono Boost)  
  37  4:24  Probe x2 (Chrono Boost)  
  37  4:25  Oracle  
  37  4:34  Probe  
  37  4:35  Probe  
  39  4:40  Warp Gate  
  39  4:46  Probe  
  39  4:47  Probe  
  41  4:53  Assimilator  
  41  4:55  Assimilator  
  41  4:58  Probe  
  41  4:59  Probe  
  43  5:00  Pylon  
  43  5:10  Shield Battery, Probe  
  43  5:11  Probe  
  45  5:17  Pylon  
  45  5:22  Probe  
  45  5:23  Probe  
  47  5:34  Probe  
  47  5:35  Probe  
  49  5:36  Adept  
  52  5:44  Oracle  
  49  6:07  Probe x2  
  43  6:19  Probe x2  
  43  6:21  Photon Cannon  
  43  6:31  Probe x2  
  43  6:32  Photon Cannon  
  45  6:43  Probe x2  
  47  6:50  Robotics Facility  
  47  6:51  Robotics Facility  
  47  6:54  Twilight Council  
  47  6:55  Probe x2  
  47  6:58  Pylon  
  47  7:01  Pylon  
  53  7:07  Probe x2  
  48  7:22  Probe  
  33  7:34  Probe, Pylon  
  33  7:37  Pylon  
  37  7:46  Probe  
  28  7:58  Probe  
Tags
 
Add a new tag
Caveats
  • Supply blocks, unpowered buildings, or Contaminate may cause inaccurate times.
  • Supply counts are checked every 10 seconds.